 Dungeon Crawl Stone Soup version 0.23-a0-470-g6f7cfd9 (webtiles) character file.

140 jerryfan the Protected (level 5, -5/40 HPs)
             Began as a Gnoll Wanderer on Nov 26, 2018.
             Slain by Grinder (8 damage)
             ... on level 3 of the Dungeon.
             The game lasted 00:08:06 (2934 turns).

jerryfan the Protected (Gnoll Wanderer)             Turns: 2934, Time: 00:08:07

Health: -5/40      AC:  2    Str: 13    XL:     5   Next: 23%
Magic:  9/12       EV: 12    Int: 19    God:
Gold:   107        SH:  0    Dex: 17    Spells: 10/14 levels left

rFire    . . .     SeeInvis .   b - +0 spear
rCold    . . .     Gourm    .   (no shield)
rNeg     . . .     Faith    .   d - +0 robe
rPois    .         Spirit   .   (no helmet)
rElec    .         Reflect  .   (no cloak)
rCorr    .         Harm     .   (no gloves)
MR       .....                  (no boots)
Stlth    ++........             (no amulet)
HPRegen  0.13/turn              n - ring of flight
MPRegen  0.13/turn              (no ring)

@: brilliant, lethally poisoned (-5 -> -7), flying
A: distributed training, fangs 1, strong nose
a: no special abilities


You were on level 3 of the Dungeon.
You were hungry.

You visited 1 branch of the dungeon, and saw 3 of its levels.

You collected 107 gold pieces.

Inventory:

Hand Weapons
 b - a +0 spear (weapon)
Armour
 d - a +0 robe (worn)
Jewellery
 e - an uncursed amulet of the gourmand {unknown}
 n - a ring of flight (left hand)
Scrolls
 h - a scroll of remove curse
 o - a scroll of magic mapping
Potions
 c - a potion of lignification
 g - a potion of brilliance
 i - a potion of curing {unknown}
 j - a potion of ambrosia {unknown}
 k - a potion of cancellation {unknown}
 l - a potion of magic {unknown}
 m - a potion of heal wounds {unknown}
Comestibles
 f - 7 rations


   Skills:
 + Level 2.9 Fighting
 + Level 1.4 Short Blades
 + Level 1.4 Long Blades
 + Level 1.4 Axes
 + Level 1.4 Maces & Flails
 + Level 1.4 Polearms
 + Level 1.4 Staves
 + Level 1.4 Slings
 + Level 1.4 Bows
 + Level 1.4 Crossbows
 + Level 1.4 Throwing
 + Level 8.6 Armour
 + Level 1.4 Dodging
 + Level 1.4 Stealth
 + Level 2.9 Shields
 + Level 1.4 Unarmed Combat
 + Level 5.1 Spellcasting
 + Level 1.1 Conjurations
 + Level 1.1 Hexes
 + Level 1.1 Charms
 + Level 1.1 Summonings
 + Level 1.1 Necromancy
 + Level 1.1 Translocations
 + Level 1.1 Transmutations
 + Level 2.3 Fire Magic
 + Level 1.1 Ice Magic
 + Level 1.1 Air Magic
 + Level 1.1 Earth Magic
 + Level 1.1 Poison Magic
 + Level 1.5 Invocations
 + Level 2.9 Evocations


You had 10 spell levels left.
You knew the following spells:

 Your Spells              Type           Power        Failure   Level  Hunger
a - Magic Dart            Conj           ###.         1%          1    None
b - Mephitic Cloud        Conj/Pois/Air  ###.....     2%          3    ##.....

Your spell library contained the following spells:

 Spells                   Type           Power        Failure   Level  Hunger
 Blink                    Tloc           N/A          1%          2    #......
 Call Imp                 Summ           ###.....     1%          2    #......
 Slow                     Hex            ###.....     1%          2    #......
 Conjure Flame            Conj/Fire      ###.....     2%          3    ##.....


Dungeon Overview and Level Annotations

Branches:
Dungeon (3/15)

Altars:
Hepliaklqana
Kikubaaqudgha
Wu Jian
Xom
The Shining One

Annotations:
D:1 exclusion: downstairs
D:2 exclusions: downstairs, kobold and worm
D:3 Grinder


Innate Abilities, Weirdness & Mutations

Your experience applies equally to all skills.
You have very sharp teeth.
Your uncanny sense of smell can sniff out nearby items.


Message History

Grinder hits you.
* * * LOW HITPOINT WARNING * * *
It was a potion of brilliance.
You feel clever all of a sudden.
You feel sick. Grinder barely misses you.
Casting: Magic Dart (safe; 1% risk of failure)
Confirm with . or Enter, or press ? or * to list all spells.
Aiming: Magic Dart (safe; 1% risk of failure)
Press: ? - help, Shift-Dir - straight line, f - Grinder
Aim: Grinder (lightly wounded)
The magic dart hits Grinder.
Grinder is moderately wounded.
Grinder hits you.
* * * LOW HITPOINT WARNING * * *
You writhe in agony.
* * * LOW HITPOINT WARNING * * *
It was a potion of flight.
You feel very buoyant.
You fly up into the air.
Grinder hits you!
You die...

##.....# !....
#......####.....
#...............
#.##...........% ∆
#. #........#### #
####..##.#
###'######!# #
#........†)##.#
#.....†@......#
#.....5.........#∆
..........†...#.#
...........##.# .
....######..#.#
.... ##.# # ... ..
.. #..


You could see Grinder.

Vanquished Creatures
  A worker ant (D:2)
  5 adders
  An ooze (D:1)
  A worm (D:3)
  5 dart slugs
  A leopard gecko (D:2)
  An orc (D:3)
  2 ball pythons (D:1)
  4 bats
  6 giant cockroaches
  8 goblins
  4 hobgoblins
  A quokka (D:3)
  4 frilled lizards
  5 kobolds
  7 rats
56 creatures vanquished.

Notes
Turn   | Place    | Note
-------+----------+-------------------------------------------
     0 | D:1      | jerryfan the Gnoll Wanderer began the quest for the Orb.
     0 | D:1      | jerryfan set off with the following items: a +0 spear, a
                  | potion of lignification, a +0 robe, a ration; and the
                  | following spell memorised: Magic Dart; and the following
                  | spells available to memorise: Blink, Call Imp, Slow,
                  | Conjure Flame, Mephitic Cloud
     0 | D:1      | Reached XP level 1. HP: 17/17 MP: 6/6
    71 | D:1      | Reached XP level 2. HP: 12/23 MP: 0/7
   618 | D:1      | Reached XP level 3. HP: 26/28 MP: 9/9
   623 | D:1      | Reached skill level 5 in Spellcasting
   919 | D:1      | Reached skill level 1 in Invocations
  1545 | D:2      | Found a glowing golden altar of the Shining One.
  1546 | D:2      | Found an ancient bone altar of Kikubaaqudgha.
  1548 | D:2      | Found an ornate altar of the Wu Jian Council.
  1696 | D:2      | Reached skill level 1 in Short Blades
  1696 | D:2      | Reached skill level 1 in Long Blades
  1696 | D:2      | Reached skill level 1 in Axes
  1696 | D:2      | Reached skill level 1 in Maces & Flails
  1696 | D:2      | Reached skill level 1 in Polearms
  1696 | D:2      | Reached skill level 1 in Staves
  1696 | D:2      | Reached skill level 1 in Slings
  1696 | D:2      | Reached skill level 1 in Bows
  1696 | D:2      | Reached skill level 1 in Crossbows
  1696 | D:2      | Reached skill level 1 in Throwing
  1696 | D:2      | Reached skill level 1 in Dodging
  1696 | D:2      | Reached skill level 1 in Stealth
  1696 | D:2      | Reached skill level 1 in Unarmed Combat
  1696 | D:2      | Reached XP level 4. HP: 15/34 MP: 0/11
  2164 | D:2      | Reached skill level 1 in Conjurations
  2164 | D:2      | Reached skill level 1 in Hexes
  2164 | D:2      | Reached skill level 1 in Charms
  2164 | D:2      | Reached skill level 1 in Summonings
  2164 | D:2      | Reached skill level 1 in Necromancy
  2164 | D:2      | Reached skill level 1 in Translocations
  2164 | D:2      | Reached skill level 1 in Transmutations
  2164 | D:2      | Reached skill level 1 in Ice Magic
  2164 | D:2      | Reached skill level 1 in Air Magic
  2164 | D:2      | Reached skill level 1 in Earth Magic
  2164 | D:2      | Reached skill level 1 in Poison Magic
  2169 | D:2      | Learned a level 3 spell: Mephitic Cloud
  2379 | D:2      | Found a shimmering altar of Xom.
  2381 | D:2      | Found a hazy altar of Hepliaklqana.
  2882 | D:3      | Reached XP level 5. HP: 38/40 MP: 12/12
  2921 | D:3      | Noticed Grinder
  2934 | D:3      | Slain by Grinder

Vault maps used:
D:1:      nzn_arrival_depleted_hourglass
D:2:      nicolae_overflow_hidden_temple
D:3:      gammafunk_temple_overflow_pools, uniq_grinder

Skill      XL: |  1  2  3  4 |
---------------+-------------+-----
Fire Magic     | 2 |  2.3
Spellcasting   | 5 |  5.1
Invocations    | 1 |  1.5
Short Blades   | 1 |  1.4
Long Blades    | 1 |  1.4
Axes           | 1 |  1.4
Maces & Flails | 1 |  1.4
Polearms       | 1 |  1.4
Staves         | 1 |  1.4
Slings         | 1 |  1.4
Bows           | 1 |  1.4
Crossbows      | 1 |  1.4
Throwing       | 1 |  1.4
Dodging        | 1 |  1.4
Stealth        | 1 |  1.4
Unarmed Combat | 1 |  1.4
Conjurations   | 1 |  1.1
Hexes          | 1 |  1.1
Charms         | 1 |  1.1
Summonings     | 1 |  1.1
Necromancy     | 1 |  1.1
Translocations | 1 |  1.1
Transmutations | 1 |  1.1
Ice Magic      | 1 |  1.1
Air Magic      | 1 |  1.1
Earth Magic    | 1 |  1.1
Poison Magic   | 1 |  1.1
Fighting       | |  2.9
Armour         | |  8.6
Shields        | |  2.9
Evocations     | |  2.9

Action                   |  1- 3 |  4- 6 || total
-------------------------+-------+-------++-------
Melee: Spear             |   105 |    67 ||   172
       Bite              |    12 |     9 ||    21
 Cast: Magic Dart        |    43 |    29 ||    72
       Mephitic Cloud    |       |     4 ||     4
  Use: Scroll            |     3 |     3 ||     6
       Potion            |       |     2 ||     2
 Stab: Sleeping          |     4 |     1 ||     5
       Confused          |       |     1 ||     1
  Eat: Chunk             |     2 |     4 ||     6
Armor: Robe              |    30 |    14 ||    44
Dodge: Dodged            |    60 |    28 ||    88

Table legend:
 A = Non-vault XP
 B = Vault XP
 C = Vault XP percentage of total XP
 D = Non-vault monster count
 E = Vault monster count
 F = Vault count percentage of total count
                 A         B        C        D         E       F
            +---------+---------+-------+---------+---------+-------
      Total |     201 |       0 |   0.0 |      56 |       0 |   0.0
            +---------+---------+-------+---------+---------+-------
        D:1 |      60 |       0 |   0.0 |      29 |       0 |   0.0
        D:2 |      74 |       0 |   0.0 |      12 |       0 |   0.0
        D:3 |      67 |       0 |   0.0 |      15 |       0 |   0.0
            +---------+---------+-------+---------+---------+-------
